 Dungeon Crawl Stone Soup version 0.30-a0-777-ga9a30cbeda (webtiles) character file.

Game seed: 5104838458874739733

296 Beavis the Sneak (level 6, -1/49 HPs)
             Began as a Naga Ice Elementalist on Feb 14, 2023.
             Slain by a gnoll
             ... wielding a +0 flail
             ... led by a gnoll bouda
              (3 damage)
             ... on level 3 of the Dungeon.
             The game lasted 00:07:26 (4692 turns).

Beavis the Sneak (Naga Ice Elementalist)            Turns: 4692, Time: 00:07:27

Health: -1/49      AC:  5    Str: 11    XL:     6   Next: 34%
Magic:  11/11      EV:  9    Int: 17    God:
Gold:   23         SH:  0    Dex: 11    Spells: 4/11 levels left

rFire   . . .      SeeInvis +    m - +0 club (protect)
rCold   . . .      Faith    .    (no shield)
rNeg    . . .      Spirit   .    a - +0 robe
rPois   +          Reflect  .    (no helmet)
rElec   .          Harm     .    (no cloak)
rCorr   .          Rampage  .    d - +1 pair of gloves
Will    .....                    (no barding)
Stlth   +++                      (no amulet)
HPRegen 0.28/turn                (no ring)
MPRegen 0.12/turn                (no ring)

@: very slow
A: AC +2, large, see invisible, deformed body, poison resistance, slowness 2,
spit poison 1, naga tail 1
a: Spit Poison


You were on level 3 of the Dungeon.
You visited 1 branch of the dungeon, and saw 4 of its levels.

You collected 124 gold pieces.
You spent 101 gold pieces at shops.

Inventory:

Hand Weapons
 m - a +0 club of protection (weapon)
Missiles
 i - 5 poisoned darts
Armour
 a - a +0 robe (worn)
 d - a +1 pair of gloves (worn)
Scrolls
 c - 2 scrolls of poison
 e - a scroll of enchant weapon
Potions
 f - 2 potions of brilliance {unknown}
 g - 3 potions of flight {unknown}
 h - a potion of lignification {unknown}
 j - a potion of attraction {unknown}
 k - a potion of heal wounds {unknown}
 l - a potion of mutation {unknown}
 n - a potion of cancellation {unknown}
 o - 2 potions of degeneration {unknown}
 r - a potion of might {unknown}


   Skills:
 - Level 1.5 Dodging
 + Level 5.6 Stealth
 + Level 3.3 Spellcasting
 + Level 2.8 Conjurations
 + Level 5.0 Ice Magic


You had 4 spell levels left.
You knew the following spells:

 Your Spells              Type           Power      Damage    Failure   Level
a - Freeze                Ice            80%        1d9       1%          1
b - Ozocubu's Armour      Ice            20%        N/A       6%          3
c - Frozen Ramparts       Ice            40%        1d7       6%          3

Your spell library contained the following spells:

 Spells                   Type           Power      Damage    Failure   Level
 Magic Dart               Conj           48%        1d5       5%          1
 Searing Ray              Conj           24%        2d5       8%          2
 Sublimation of Blood     Necr           2%         N/A       26%         2
 Summon Ice Beast         Ice/Summ       11%        N/A       52%         4
 Fulminant Prism          Conj/Hex       3%         3d5       67%         4
 Petrify                  Tmut/Erth      2%         N/A       86%         4
 Irradiate                Conj/Tmut      3%         3d12      95%         5


Dungeon Overview and Level Annotations

Branches:
Dungeon (4/15)
 Temple: D:4-7

Altars:
Xom
Zin

Shops:
D:1 ((:*   D:2 *   D:3 (


Innate Abilities, Weirdness & Mutations

Your serpentine skin is tough. (AC +2)
You have supernaturally acute eyesight. (SInv)
Armour fits poorly on your strangely shaped body.
Your system is resistant to poisons. (rPois)
You cover ground very slowly.
You can spit poison.
You have a snake-like lower body.


Message History

You become entangled in the net!
You stop ascending the stairs.
The gnoll shouts!
You hear a shout! x2
You struggle against the net.
The ball python bites you.
You struggle against the net.
The ball python bites you. The gnoll bouda closely misses you.
The gnoll hits you but does no damage.
You tear a large gash into the net.
The ball python bites you. The gnoll hits you but does no damage.
The gnoll bouda hits you with a +0 whip!
The gnoll hits you with a +0 club.
You rip the net and break free!
The ball python bites you but does no damage.
The gnoll bouda hits you with a +0 whip.
The ball python closely misses you. The gnoll hits you with a +0 flail.
The gnoll closely misses you. The gnoll barely misses you.
The ball python closely misses you.
The gnoll bouda barks out a call to the hunt!
The gnolls pick up the pace!
The gnoll hits you with a +0 club. The gnoll hits you with a +0 flail.
The gnoll hits you with a +0 whip.
You hear a shout!
You climb upwards.
There is a stone staircase leading down here.
Casting: Freeze (safe; 1% risk of failure)
Confirm with . or Enter, or press ? or * to list all spells.
Casting: Frozen Ramparts (dangerous; 6% risk of failure)
Press: ? - help, Dir - look around, f - activate A stone staircase leading down.
Okay, then.
The air fills with toxic fumes!
As you read the scroll of poison, it crumbles to dust.
The ball python bites you. The gnoll bouda barely misses you.
The gnoll barely misses you. The gnoll hits you with a +0 flail!
* * * LOW HITPOINT WARNING * * *
The gnoll hits you with a +0 club!
* * * LOW HITPOINT WARNING * * *
The gnoll attacks as you move away! The gnoll barely misses you.
The ball python bites you.
* * * LOW HITPOINT WARNING * * *
The gnoll hits you with a +0 flail.
You die...

#..# #.# #.#.#..... #.##
#######§### #.#.#####. #.#
#..§§..§§§# #.#'## #. #.#
#.##§##§§§# #....####. ####.#
#.##§§.§§§# ##......... #..#.#
#§#§§§#§§§# ##.......###
.....#####§§§§§§§§§###§........##
∩.#.....§§§§§§.gS§§§§§§.)......'.
.....######§§§§g@§####.........##
##.#.# ##§§g#g## ##.......##
###.# ##§#### ##.^...## #.# #§#
##...## #.## #.# #########'##
#..# ###.####.........# ##.#
#.....##.######..# #.#
#.#.#.##.######..## #.#
#.#..........##...##


You could see a gnoll bouda, 3 gnolls and a ball python.

Vanquished Creatures
  A hound (D:3)
  2 orc priests (D:3)
  Natasha (twice) (D:3)
  An orc wizard (D:3)
  3 gnolls (D:3)
  An adder (D:3)
  2 worms
  15 orcs (D:3)
  9 ball pythons
  9 endoplasms
  3 giant cockroaches
  4 goblins
  A hobgoblin (D:3)
  4 jackals (D:1)
  A kobold (D:1)
  3 quokkas (D:3)
  9 bats
  3 frilled lizards
  3 rats
76 creatures vanquished.

Notes
Turn   | Place    | Note
-------+----------+-------------------------------------------
     0 | D:1      | Beavis the Naga Ice Elementalist began the quest for the
                  | Orb.
     0 | D:1      | Reached XP level 1. HP: 15/15 MP: 3/3
   248 | D:1      | Reached XP level 2. HP: 22/22 MP: 3/5
   604 | D:1      | Found Fohalum's Assorted Antiques.
   608 | D:1      | Reached skill level 1 in Conjurations
   651 | D:1      | Found Mop Pewn's Book Shoppe.
   652 | D:1      | Found Docuwix's Antique Weapon Boutique.
   738 | D:1      | Reached XP level 3. HP: 28/28 MP: 4/6
   771 | D:1      | Found Ulaoz's Antique Weapon Boutique.
  1158 | D:2      | Found a faded altar of an unknown god.
  1319 | D:2      | Learned a level 3 spell: Ozocubu's Armour
  1504 | D:2      | Found a shimmering altar of Xom.
  1682 | D:2      | Found Niodd's General Store.
  1847 | D:3      | Found Loygrog's Weapon Shop.
  1881 | D:3      | Learned a level 3 spell: Frozen Ramparts
  2144 | D:3      | Reached XP level 4. HP: 22/36 MP: 2/8
  2256 | D:3      | Reached XP level 5. HP: 19/42 MP: 3/9
  2611 | D:3      | Reached skill level 5 in Stealth
  2912 | D:3      | Reached skill level 5 in Ice Magic
  2912 | D:3      | Reached XP level 6. HP: 32/49 MP: 2/10
  2991 | D:3      | Noticed Natasha
  3000 | D:3      | Killed Natasha
  3327 | D:3      | Found a glowing silver altar of Zin.
  3527 | D:3      | Noticed Natasha
  3533 | D:3      | Killed Natasha
  4131 | D:3      | Found Loygrog's Weapon Shop.
  4389 | D:3      | Found a glowing silver altar of Zin.
  4599 | D:1      | Bought a scroll labelled QIMOMA PEFFUTH for 26 gold pieces
  4599 | D:1      | Bought a scroll labelled FEUTIAVV ATZYLIOQ for 26 gold
                  | pieces
  4599 | D:1      | Bought a scroll labelled XIUFIAHALL for 26 gold pieces
  4599 | D:1      | Bought a bubbling red potion for 23 gold pieces
  4692 | D:3      | HP: 2/49 [ball python (2)]
  4692 | D:3      | Slain by a gnoll

Illustrated notes

Levels and vault maps discovered:
D:1:      dpeg_arrival_tiny_j, layout_loops_ring, serial_shops,
          nicolae_shop_behind_doors, nicolae_diamond_shop, shop, shop,
          minivault_19, grunt_decor_mini_mirrors
D:2:      layout_basic, basic_altar, shapermc_ecumenical_altar_mp_urbaneastern,
          serial_shops, nicolae_shop_advertising_works
          [nicolae_subvault_shop_adworks]
D:3:      minmay_evil_eye, layout_loops_corners, lemuel_coloured_pillars_altar,
          serial_shops, nicolae_shop_stone, uniq_natasha
D:4:      layout_basic, overflow_temple_1_default, lemuel_crystal_altar,
          grunt_decor_fettered, eino_tiny_chamber

Skill      XL: |  1  2  3  4  5 |
---------------+----------------+-----
Conjurations   | 1 2 |  2.8
Stealth        | 4 5 |  5.6
Spellcasting   | 3 |  3.3
Ice Magic      | 5 |  5.0
Dodging        | |  1.5

Action                     |  1- 3 |  4- 6 || total
---------------------------+-------+-------++-------
  Melee: Unarmed           |    21 |       ||    21
         Club              |     1 |    17 ||    18
         Punch             |       |     1 ||     1
   Cast: Freeze            |    71 |    26 ||    97
         Frozen Ramparts   |       |    14 ||    14
         Ozocubu's Armour  |       |     5 ||     5
    Use: Scroll            |     5 |     5 ||    10
         Potion            |       |     1 ||     1
 Armour: Robe              |    30 |    19 ||    49
  Dodge: Dodged            |    38 |    41 ||    79

Table legend: (Time is in decaauts)
 A = Elapsed time spent in this place.
 B = Non-inter-level travel time spent in this place.
 C = Inter-level travel time spent in this place.
 D = Time resting spent in this place.
 E = Time spent auto-exploring this place.
 F = Levels seen in this place.
 G = Mean time per level.
                   A        B        C        D        E       F      G
               +--------+--------+--------+--------+--------+-----+--------+
         Total |   5907 |   5653 |    254 |      0 |   4995 |   4 | 1476.8 |
       Dungeon |   5907 |   5653 |    254 |      0 |   4995 |   4 | 1476.8 |
               +--------+--------+--------+--------+--------+-----+--------+

Top non-repeatable levels by time:
     D:3: 3497 daAuts
     D:1: 1304 daAuts
     D:2: 1099 daAuts
     D:4: 6 daAuts
